 Dungeon Crawl Stone Soup version 0.28-a0-724-g66f9036 (webtiles) character file.

Game seed: 7345652227475857381

1026 NeededCrab the Covert (level 8, 0/63 HPs)
             Began as a Gnoll Brigand on Oct 26, 2021.
             Killed from afar by Duvessa (4 damage)
             ... with a puff of flame
             ... on level 4 of the Dungeon.
             The game lasted 00:14:18 (6615 turns).

NeededCrab the Covert (Gnoll Brigand)               Turns: 6615, Time: 00:14:18

Health: 0/63       AC:  5    Str: 11    XL:     8   Next: 23%
Magic:  12/12      EV: 13    Int: 12    God:
Gold:   121        SH:  0    Dex: 14    Spells: 13/13 levels left

rFire   + . .      SeeInvis .   a - +3 dagger
rCold   . . .      Faith    .   (no shield)
rNeg    . . .      Spirit   .   y - +1 leather armour {rF+}
rPois   .          Reflect  .   (no helmet)
rElec   .          Harm     .   c - +0 cloak
rCorr   .          Rampage  .   (no gloves)
Will    .....                   (no boots)
Stlth   ++++......              (no amulet)
HPRegen 0.20/turn               (no ring)
MPRegen 0.13/turn               (no ring)

@: flying
A: fangs 1, strong nose, distributed training
a: no special abilities


You were on level 4 of the Dungeon.
You visited 1 branch of the dungeon, and saw 5 of its levels.
You also visited: Ossuary.

You collected 121 gold pieces.

Inventory:

Hand Weapons
 a - a +3 dagger (weapon)
Missiles
 d - 6 poisoned darts (quivered)
Armour
 b - a +0 robe
 c - a +0 cloak (worn)
 y - a +1 leather armour of fire resistance (worn)
Scrolls
 g - 3 scrolls of enchant armour {unknown}
 h - a scroll of fog {unknown}
 j - a scroll of silence {unknown}
 k - 4 scrolls of identify {unknown}
 m - 2 scrolls of enchant weapon
 o - a scroll of holy word {unknown}
 p - a scroll of vulnerability {unknown}
 q - 3 scrolls of teleportation {unknown}
 s - a scroll of blinking {unknown}
 v - a scroll of magic mapping {unknown}
Potions
 i - a potion of might {unknown}
 l - a potion of flight
 n - a potion of experience {unknown}
 r - a potion of attraction {unknown}
 t - a potion of degeneration {unknown}
 u - a potion of haste {unknown}
 w - a potion of heal wounds {unknown}
 x - a potion of ambrosia {unknown}


   Skills:
 + Level 5.5 Fighting
 + Level 5.5 Short Blades
 + Level 3.1 Long Blades
 + Level 3.1 Axes
 + Level 3.1 Maces & Flails
 + Level 3.1 Polearms
 + Level 3.1 Staves
 + Level 3.1 Slings
 + Level 3.1 Bows
 + Level 3.1 Crossbows
 + Level 5.5 Throwing
 + Level 3.1 Armour
 + Level 4.0 Dodging
 + Level 8.4 Stealth
 + Level 3.1 Shields
 + Level 3.1 Unarmed Combat
 + Level 3.1 Spellcasting
 + Level 2.5 Conjurations
 + Level 2.5 Hexes
 + Level 2.5 Summonings
 + Level 2.5 Necromancy
 + Level 2.5 Translocations
 + Level 2.5 Transmutations
 + Level 2.5 Fire Magic
 + Level 2.5 Ice Magic
 + Level 2.5 Air Magic
 + Level 2.5 Earth Magic
 + Level 2.5 Poison Magic
 + Level 3.4 Invocations
 + Level 3.1 Evocations


You had 13 spell levels left.
You didn't know any spells.
Your spell library was empty.

Dungeon Overview and Level Annotations

Branches:
Dungeon (5/15)            Ossuary (visited)
 Temple: D:4-7

Altars:
Ashenzari
Qazlal
Trog

Annotations:
D:4 Dowan, Duvessa


Innate Abilities, Weirdness & Mutations

You have very sharp teeth.
Your uncanny sense of smell can sniff out nearby items.
Your experience applies equally to all skills.


Message History

Press: ? - help, Q - select action, (/) - cycle Shift-Dir - straight line, f/p - Duvessa
Aim: Duvessa, wielding a +0 short sword, wearing a +0 scale mail and carrying a wand of flame (10) (moderately wounded, very poisoned, slow, 70% to hit)
You throw a curare-tipped dart. The curare-tipped dart hits Duvessa.
Duvessa looks as sick as possible!
Duvessa convulses.
Duvessa seems to be slow for longer.
Duvessa is moderately wounded.
You hit Duvessa but do no damage.
Duvessa is moderately wounded.
Duvessa zaps a wand.
The puff of flame hits you. You resist.
* * * LOW HITPOINT WARNING * * *
You hit Duvessa but do no damage.
Duvessa is moderately wounded.
You barely miss Duvessa.
Duvessa is heavily wounded.
Duvessa zaps a wand.
The puff of flame hits you. You resist.
* * * LOW HITPOINT WARNING * * *
You hit Duvessa.
Duvessa is severely wounded.
You hit Duvessa but do no damage.
Duvessa is severely wounded.
Duvessa zaps a wand.
The puff of flame hits you. You resist.
* * * LOW HITPOINT WARNING * * *
You hit Duvessa. You bite Duvessa, but do no damage.
Duvessa is almost dead.
You hit Duvessa but do no damage. Your punch misses Duvessa.
Duvessa is almost dead.
Duvessa hits you with a +0 short sword.
* * * LOW HITPOINT WARNING * * *
You hit Duvessa but do no damage.
Duvessa is almost dead.
You hit Duvessa but do no damage. You bite Duvessa, but do no damage.
Duvessa is almost dead.
Duvessa hits you with a +0 short sword.
* * * LOW HITPOINT WARNING * * *
You hit Duvessa but do no damage.
Duvessa is almost dead.
You hit Duvessa. You bite Duvessa, but do no damage.
Duvessa is almost dead.
Duvessa zaps a wand.
The puff of flame hits you. You resist.
You die...

#.# #######.#
###.......#
#.........#
#...≈...#..
##...§...###
#....§§§.###
###########..§§.≈.....
#...e@........§.≈.....
#.#########........###
#........##.##########
#........##..)......).
#........#############
#........##....#######
#>......e...e.#.#.#.#.
#†.......#####'#.#.#.#
#........#........#.#.


You could see Duvessa (very poisoned, slow).

Vanquished Creatures
  Sigmund (D:2)
  A sky beast (D:3)
  An ogre (D:4)
  A phantom (D:4)
  A scorpion (D:4)
  A water moccasin skeleton (D:4)
  A howler monkey (D:4)
  2 orc priests (D:4)
  A jelly (D:4)
  2 hounds (D:4)
  2 scorpion zombies
  An iguana (D:4)
  3 orc wizards
  A mummy (Ossuary)
  2 adders (D:2)
  2 shadow imps
  3 dart slugs
  7 orcs
  5 spectral bats (Ossuary)
  6 ball pythons
  6 endoplasms
  4 giant cockroaches
  5 goblins
  5 hobgoblins
  2 jackals (D:1)
  6 kobolds
  5 quokkas
  8 bats
  A bat simulacrum (Ossuary)
  4 frilled lizards
  12 gnoll zombies (Ossuary)
  5 goblin simulacra (Ossuary)
  6 goblin zombies (Ossuary)
  7 hobgoblin zombies (Ossuary)
  A kobold simulacrum (Ossuary)
  3 kobold zombies (Ossuary)
  2 orc zombies (Ossuary)
  9 rats
  3 rat simulacra (Ossuary)
  A spectral goblin (Ossuary)
  4 spectral kobolds (Ossuary)
  2 spectral rats (Ossuary)
145 creatures vanquished.

Notes
Turn   | Place    | Note
-------+----------+-------------------------------------------
     0 | D:1      | NeededCrab the Gnoll Brigand began the quest for the Orb.
     0 | D:1      | Reached XP level 1. HP: 20/20 MP: 1/1
    13 | D:1      | Found a faded altar of an unknown god.
   261 | D:1      | Reached XP level 2. HP: 26/26 MP: 2/2
  1249 | D:1      | Reached XP level 3. HP: 31/31 MP: 3/3
  1718 | D:2      | Reached skill level 1 in Invocations
  1920 | D:2      | Noticed Sigmund
  1927 | D:2      | Killed Sigmund
  1928 | D:2      | Reached skill level 1 in Long Blades
  1928 | D:2      | Reached skill level 1 in Axes
  1928 | D:2      | Reached skill level 1 in Maces & Flails
  1928 | D:2      | Reached skill level 1 in Polearms
  1928 | D:2      | Reached skill level 1 in Staves
  1928 | D:2      | Reached skill level 1 in Slings
  1928 | D:2      | Reached skill level 1 in Bows
  1928 | D:2      | Reached skill level 1 in Crossbows
  1928 | D:2      | Reached skill level 1 in Armour
  1928 | D:2      | Reached skill level 1 in Shields
  1928 | D:2      | Reached skill level 1 in Unarmed Combat
  1928 | D:2      | Reached skill level 1 in Spellcasting
  1928 | D:2      | Reached skill level 1 in Conjurations
  1928 | D:2      | Reached skill level 1 in Hexes
  1928 | D:2      | Reached skill level 1 in Summonings
  1928 | D:2      | Reached skill level 1 in Necromancy
  1928 | D:2      | Reached skill level 1 in Translocations
  1928 | D:2      | Reached skill level 1 in Transmutations
  1928 | D:2      | Reached skill level 1 in Fire Magic
  1928 | D:2      | Reached skill level 1 in Ice Magic
  1928 | D:2      | Reached skill level 1 in Air Magic
  1928 | D:2      | Reached skill level 1 in Earth Magic
  1928 | D:2      | Reached skill level 1 in Poison Magic
  1928 | D:2      | Reached skill level 1 in Evocations
  1928 | D:2      | Reached XP level 4. HP: 38/38 MP: 4/6
  1928 | D:2      | Reached XP level 5. HP: 43/43 MP: 4/7
  2004 | D:2      | Reached skill level 8 in Stealth
  2406 | D:3      | Reached XP level 6. HP: 50/50 MP: 8/8
  2810 | D:3      | Noticed a sky beast
  2834 | D:3      | Killed a sky beast
  2835 | D:3      | Reached skill level 5 in Fighting
  2835 | D:3      | Reached skill level 5 in Short Blades
  2835 | D:3      | Reached skill level 5 in Throwing
  3825 | D:4      | Reached XP level 7. HP: 52/56 MP: 10/10
  4015 | D:4      | Found a stormy altar of Qazlal.
  4158 | D:4      | Found a sand-covered staircase.
  4166 | Ossuary  | Entered an ossuary
  5310 | D:4      | Found a bloodstained altar of Trog.
  5325 | D:4      | Found a broken altar of Ashenzari.
  5386 | D:4      | Noticed Dowan
  5391 | D:4      | Noticed Duvessa
  5760 | D:5      | Entered Level 5 of the Dungeon
  6029 | D:4      | Reached XP level 8. HP: 52/63 MP: 12/12
  6615 | D:4      | Killed from afar by Duvessa

Illustrated notes

Levels and vault maps discovered:
D:1:      dpeg_arrival_shrine, layout_basic,
          hellmonk_ecumenical_altar_pennies_from_heaven
D:2:      wander_river, layout_basic, uniq_sigmund
D:3:      layout_loops_cross, kennysheep_generic_room_8
D:4:      layout_basic, nicolae_qazlal_scattered_showers,
          mainiacjoe_overflow_catwalk_spiral, nicolae_ossuary_entry_plus,
          uniq_duvessa
D:5:      layout_cave_pools, temple_statues

Skill      XL: |  1  2  3  4  5  6  7  8 |
---------------+-------------------------+-----
Invocations    | 1 2 3 |  3.4
Long Blades    | 1 2 3 |  3.1
Axes           | 1 2 3 |  3.1
Maces & Flails | 1 2 3 |  3.1
Polearms       | 1 2 3 |  3.1
Staves         | 1 2 3 |  3.1
Slings         | 1 2 3 |  3.1
Bows           | 1 2 3 |  3.1
Crossbows      | 1 2 3 |  3.1
Armour         | 1 2 3 |  3.1
Dodging        | 3 4 |  4.0
Shields        | 1 2 3 |  3.1
Unarmed Combat | 1 2 3 |  3.1
Spellcasting   | 1 2 3 |  3.1
Conjurations   | 1 2 |  2.5
Hexes          | 1 2 |  2.5
Summonings     | 1 2 |  2.5
Necromancy     | 1 2 |  2.5
Translocations | 1 2 |  2.5
Transmutations | 1 2 |  2.5
Fire Magic     | 1 2 |  2.5
Ice Magic      | 1 2 |  2.5
Air Magic      | 1 2 |  2.5
Earth Magic    | 1 2 |  2.5
Poison Magic   | 1 2 |  2.5
Evocations     | 1 2 3 |  3.1
Stealth        | 8 |  8.4
Fighting       | 5 |  5.5
Short Blades   | 5 |  5.5
Throwing       | 5 |  5.5

Action                   |  1- 3 |  4- 6 |  7- 9 || total
-------------------------+-------+-------+-------++-------
Melee: Dagger            |   130 |   110 |   397 ||   637
       Bite              |     9 |    11 |    44 ||    64
       Punch             |       |       |     4 ||     4
Throw: Dart              |       |     4 |     5 ||     9
  Use: Scroll            |       |       |     1 ||     1
       Potion            |       |       |     2 ||     2
 Stab: Sleeping          |    14 |    12 |    19 ||    45
Armor: Robe              |    10 |       |       ||    10
       Leather armour    |    19 |    14 |    83 ||   116
Dodge: Dodged            |    66 |    29 |   167 ||   262

Table legend: (Time is in decaauts)
 A = Elapsed time spent in this place.
 B = Non-inter-level travel time spent in this place.
 C = Inter-level travel time spent in this place.
 D = Time resting spent in this place.
 E = Time spent auto-exploring this place.
 F = Levels seen in this place.
 G = Mean time per level.
                   A        B        C        D        E       F      G
               +--------+--------+--------+--------+--------+-----+--------+
         Total |   6488 |   6392 |     96 |   1335 |   3626 |   6 | 1081.3 |
       Dungeon |   5744 |   5648 |     96 |   1086 |   3514 |   5 | 1148.8 |
       Ossuary |    743 |    743 |      0 |    249 |    112 |   1 |  743.0 |
               +--------+--------+--------+--------+--------+-----+--------+

Top non-repeatable levels by time:
     D:4: 1800 daAuts
     D:3: 1413 daAuts
     D:1: 1320 daAuts
     D:2: 1013 daAuts
 Ossuary: 743 daAuts
     D:5: 196 daAuts
